AoeStats
← arielhz45

Black Forest

510176472Analyzed
2v2 RM · 3d ago on Sep 29, 2026· 44m 55s· 4 players
Game mode
Random Map
Map size
Medium (4 player)
Population
200
Speed
Normal
Resources
Standard
Victory
Conquest
Starting age
Dark Age
Ending age
Imperial Age
RankedLock teamsTeams togetherTeam positionsShared explorationLock speedFull tech treeHidden civsTurbo modeCheats
Victory
Defeat
🇵🇦 Byzantines · Panama
748
+11
🇺🇸 Aztecs · United States
659
+15
🇦🇷 Spanish · Argentina
639
-13
🇦🇷 Hindustanis · Argentina
634
-13
Manuk
0:54 Loom
13:13 Feudal Age
13:48 Horse Collar
13:56 Double-Bit Axe
16:28 Forging
16:42 Arson
18:29 Gold Mining
18:29 Stone Mining
20:31 Scale Mail Armor
20:37 Scale Barding Armor
23:56 Castle Age
23:59 Wheelbarrow
25:17 Coinage
25:11 Husbandry
25:21 Bloodlines
25:41 Squires
25:01 Pikeman
26:13 Heavy Plow
27:18 Gold Shaft Mining
27:18 Stone Shaft Mining
26:51 Pikeman
27:57 Light Cavalry
29:17 Iron Casting
29:58 Stone Shaft Mining
30:43 Masonry
37:10 Bow Saw
37:05 Murder Holes
38:38 Hand Cart
38:38 Grand Trunk Road
44:00 Imperial Age
44:42 Heavy Camel Rider
Bambam87607
10:04 Feudal Age
10:40 Double-Bit Axe
14:00 Horse Collar
16:51 Gold Mining
23:02 Castle Age
22:33 Stone Mining
23:10 Scale Mail Armor
23:21 Forging
24:04 Arson
24:47 Heavy Plow
25:04 Bow Saw
27:39 Wheelbarrow
26:50 Town Watch
28:00 Stone Shaft Mining
29:25 Scale Barding Armor
29:56 Iron Casting
32:04 Husbandry
32:56 Bloodlines
33:49 Masonry
36:40 Hand Cart
36:26 Town Patrol
39:07 Ballistics
38:43 Murder Holes
40:02 Chain Barding Armor
40:07 Pikeman
40:48 Squires
45:23 Chain Mail Armor
arielhz45
0:41 Loom
15:31 Feudal Age
15:57 Horse Collar
20:37 Castle Age
18:58 Double-Bit Axe
22:07 Heavy Plow
23:27 Bow Saw
27:20 Gold Mining
29:51 Forging
29:41 Scale Mail Armor
29:32 Fletching
29:42 Padded Archer Armor
30:46 Gold Shaft Mining
31:52 Iron Casting
31:35 Chain Mail Armor
36:29 Imperial Age
37:08 Elite Skirmisher
38:35 Wheelbarrow
38:40 Conscription
38:42 Garland Wars
38:17 Capped Ram
39:35 Crop Rotation
40:26 Hand Cart
41:42 Elite Jaguar Warrior
44:23 Blast Furnace
Elcaifascefas
12:26 Feudal Age
13:26 Double-Bit Axe
16:38 Horse Collar
22:14 Castle Age
20:50 Scale Barding Armor
20:56 Forging
21:12 Fletching
23:38 Chain Barding Armor
24:34 Iron Casting
24:52 Gold Mining
38:45 Imperial Age
38:10 Husbandry
40:26 Plate Barding Armor
41:06 Chemistry
40:04 Murder Holes
39:58 Cavalier
Connection lost

Rejoining the realm…

Still unreachable

The connection could not be restored.

Session expired

The server has moved on; the page needs a fresh start.